[ PARTIDA AOE2 · #483132097 ]
Team RMMongoles vs Turks
[ ANÁLISIS DE REPETICIÓN · EXTRAÍDO DE LA PARTIDA GRABADA ]
Feudal
10:14
Castillos
24:21
Imperial
42:41
| APM promedio | 14.7 |
| APM pico | 36 |
| eAPM promedio | 12.4 |
| Aldeanos / militares | 152 / 169 |
Foco
⚔️ 31.5% · 🌾 68.5%
Steppe Lancer ×116 · Battering Ram ×40 · Mangudai ×13
Feudal
10:40
Castillos
18:45
Imperial
48:56
| APM promedio | 15.4 |
| APM pico | 50 |
| eAPM promedio | 9.4 |
| Aldeanos / militares | 104 / 106 |
Foco
⚔️ 21.9% · 🌾 78.1%
Spearman ×73 · Scout Cavalry ×20 · Trade Cart ×12 · Throwing Axeman ×4 · Trebuchet (Packed) ×4 · Knight ×2
Feudal
12:31
Castillos
25:17
Imperial
47:40
| APM promedio | 13.8 |
| APM pico | 42 |
| eAPM promedio | 8.8 |
| Aldeanos / militares | 92 / 115 |
Foco
⚔️ 38.8% · 🌾 61.2%
Militia ×68 · Samurai ×20 · Trebuchet (Packed) ×12 · Skirmisher ×8 · Battering Ram ×4 · Monk ×3
Feudal
12:32
Castillos
24:07
Imperial
37:49
| APM promedio | 12.8 |
| APM pico | 33 |
| eAPM promedio | 8.9 |
| Aldeanos / militares | 70 / 198 |
Foco
⚔️ 37.6% · 🌾 62.4%
Skirmisher ×65 · Spearman ×58 · Organ Gun ×47 · Bombard Cannon ×13 · Monk ×6 · Trebuchet (Packed) ×5
Feudal
11:44
Castillos
24:20
Imperial
41:27
| APM promedio | 27.4 |
| APM pico | 56 |
| eAPM promedio | 18.1 |
| Aldeanos / militares | 128 / 309 |
Foco
⚔️ 31.4% · 🌾 68.6%
Scout Cavalry ×156 · Cavalry Archer ×60 · Camel Scout ×49 · Archer ×13 · Spearman ×11 · Janissary ×9
Feudal
10:49
Castillos
15:55
Imperial
—
| APM promedio | 21.2 |
| APM pico | 68 |
| eAPM promedio | 10.7 |
| Aldeanos / militares | 70 / 119 |
Foco
⚔️ 23.7% · 🌾 76.3%
Knight ×81 · Spearman ×34 · Monk ×2 · Battering Ram ×2
Mapa de la partida
Recursos al inicio + cada clic de construcción. Línea gruesa = muro · recuadro discontinuo = muro de casas detectado. 🟡 oro · ⚪ piedra · 🟢 bayas · 🔶 jabalí · ⭕ reliquia
Inputs por minuto
— KingYankee1 - - elf
Build order — KingYankee1
Primeras 150 de 455 acciones detectadas
| 0:04 | Construir | House |
| 0:06 | Construir | House |
| 0:16 | Crear | Villager (Male) |
| 0:17 | Crear | Villager (Male) |
| 0:17 | Crear | Villager (Male) |
| 0:33 | Crear | Villager (Male) |
| 1:56 | Crear | Villager (Male) |
| 2:24 | Crear | Villager (Male) |
| 2:52 | Crear | Villager (Male) |
| 3:22 | Construir | Lumber Camp |
| 3:25 | Crear | Villager (Male) |
| 3:46 | Investigar | Loom |
| 3:58 | Construir | Mill |
| 4:10 | Crear | Villager (Male) |
| 4:11 | Crear | Villager (Male) |
| 4:16 | Construir | House |
| 4:27 | Crear | Villager (Male) |
| 4:39 | Crear | Villager (Male) |
| 5:02 | Crear | Villager (Male) |
| 5:08 | Construir | House |
| 5:28 | Crear | Villager (Male) |
| 5:50 | Crear | Villager (Male) |
| 6:59 | Construir | House |
| 7:05 | Crear | Villager (Male) |
| 7:39 | Crear | Villager (Male) |
| 7:43 | Construir | House |
| 7:51 | Crear | Villager (Male) |
| 8:02 | Investigar | Feudal Age |
| 8:58 | Construir | Mining Camp |
| 10:14 | Edad | Edad Feudal |
| 10:19 | Investigar | Wheelbarrow |
| 10:23 | Investigar | Double-Bit Axe |
| 11:03 | Crear | Villager (Male) |
| 11:13 | Investigar | Gold Mining |
| 11:25 | Crear | Villager (Male) |
| 11:38 | Crear | Villager (Male) |
| 12:00 | Crear | Villager (Male) |
| 12:13 | Construir | Lumber Camp |
| 12:21 | Crear | Villager (Male) |
| 12:38 | Crear | Villager (Male) |
| 12:55 | Crear | Villager (Male) |
| 13:19 | Construir | Market |
| 14:01 | Construir | Lumber Camp |
| 14:41 | Construir | Blacksmith |
| 15:42 | Crear | Villager (Male) |
| 15:42 | Crear | Villager (Male) |
| 15:48 | Construir | House |
| 15:49 | Construir | House |
| 15:51 | Construir | House |
| 16:34 | Crear | Villager (Male) |
| 17:23 | Crear | Villager (Male) |
| 17:26 | Construir | House |
| 17:57 | Construir | Mill |
| 18:04 | Construir | Farm |
| 18:05 | Construir | Farm |
| 18:08 | Construir | Farm |
| 18:16 | Construir | Farm |
| 18:17 | Construir | Farm |
| 19:00 | Construir | Farm |
| 19:05 | Construir | Farm |
| 19:08 | Construir | Farm |
| 19:11 | Investigar | Horse Collar |
| 19:25 | Construir | House |
| 19:53 | Construir | Mining Camp |
| 20:07 | Crear | Villager (Male) |
| 20:30 | Crear | Villager (Male) |
| 20:44 | Construir | Farm |
| 20:46 | Construir | Farm |
| 20:47 | Construir | Farm |
| 20:54 | Crear | Villager (Male) |
| 21:41 | Investigar | Castle Age |
| 24:21 | Edad | Edad de los Castillos |
| 24:40 | Construir | Town Center |
| 25:06 | Construir | Town Center |
| 25:20 | Investigar | Hand Cart |
| 25:43 | Crear | Villager (Male) |
| 25:43 | Crear | Villager (Male) |
| 25:59 | Crear | Villager (Male) |
| 25:59 | Crear | Villager (Male) |
| 26:18 | Crear | Villager (Male) |
| 26:25 | Crear | Villager (Male) |
| 26:26 | Crear | Villager (Male) |
| 26:40 | Crear | Villager (Male) |
| 26:47 | Crear | Villager (Male) |
| 26:47 | Crear | Villager (Male) |
| 27:06 | Crear | Villager (Male) |
| 27:09 | Crear | Villager (Male) |
| 27:23 | Crear | Villager (Male) |
| 27:24 | Crear | Villager (Male) |
| 27:24 | Crear | Villager (Male) |
| 27:44 | Crear | Villager (Male) |
| 27:45 | Crear | Villager (Male) |
| 27:58 | Construir | Castle |
| 28:01 | Crear | Villager (Male) |
| 28:01 | Crear | Villager (Male) |
| 28:06 | Crear | Villager (Male) |
| 28:11 | Crear | Villager (Male) |
| 28:11 | Crear | Villager (Male) |
| 28:15 | Crear | Villager (Male) |
| 28:21 | Crear | Villager (Male) |
| 28:21 | Crear | Villager (Male) |
| 28:55 | Construir | House |
| 28:59 | Crear | Villager (Male) |
| 29:10 | Construir | Town Center |
| 29:23 | Crear | Villager (Male) |
| 29:23 | Crear | Villager (Male) |
| 29:37 | Crear | Villager (Male) |
| 29:38 | Crear | Villager (Male) |
| 29:47 | Crear | Villager (Male) |
| 29:47 | Crear | Villager (Male) |
| 29:51 | Construir | House |
| 30:30 | Investigar | Bow Saw |
| 30:38 | Crear | Villager (Male) |
| 30:41 | Crear | Villager (Male) |
| 30:47 | Construir | Farm |
| 31:10 | Construir | Castle |
| 31:13 | Crear | Villager (Male) |
| 31:19 | Crear | Mangudai |
| 31:31 | Crear | Villager (Male) |
| 31:32 | Crear | Villager (Male) |
| 31:32 | Crear | Villager (Male) |
| 31:32 | Crear | Villager (Male) |
| 31:35 | Construir | Farm |
| 31:36 | Construir | Farm |
| 31:39 | Construir | House |
| 31:44 | Crear | Villager (Male) |
| 32:02 | Construir | Rice Farm |
| 32:15 | Construir | Farm |
| 32:21 | Crear | Villager (Male) |
| 32:21 | Crear | Villager (Male) |
| 32:21 | Crear | Villager (Male) |
| 32:22 | Crear | Villager (Male) |
| 32:29 | Construir | Farm |
| 32:30 | Construir | Farm |
| 32:34 | Construir | Farm |
| 32:39 | Construir | Farm |
| 32:41 | Construir | Farm |
| 32:42 | Construir | Farm |
| 32:48 | Crear | Villager (Male) |
| 32:48 | Crear | Villager (Male) |
| 32:48 | Crear | Villager (Male) |
| 32:49 | Crear | Villager (Male) |
| 32:59 | Construir | Mining Camp |
| 33:01 | Crear | Mangudai |
| 33:01 | Crear | Mangudai |
| 33:04 | Crear | Villager (Male) |
| 33:04 | Crear | Villager (Male) |
| 33:13 | Crear | Villager (Male) |
| 33:13 | Crear | Villager (Male) |
| 33:13 | Crear | Villager (Male) |
Build order — elf
Primeras 150 de 269 acciones detectadas
| 0:02 | Crear | Villager (Male) |
| 0:02 | Crear | Villager (Male) |
| 0:03 | Construir | House |
| 0:06 | Construir | House |
| 1:05 | Crear | Villager (Male) |
| 1:05 | Crear | Villager (Male) |
| 1:31 | Crear | Villager (Male) |
| 2:08 | Crear | Villager (Male) |
| 2:36 | Crear | Villager (Male) |
| 2:36 | Crear | Villager (Male) |
| 3:15 | Crear | Villager (Male) |
| 3:35 | Crear | Villager (Male) |
| 3:57 | Construir | Lumber Camp |
| 4:01 | Construir | House |
| 4:45 | Crear | Villager (Male) |
| 4:45 | Crear | Villager (Male) |
| 5:27 | Crear | Villager (Male) |
| 5:28 | Crear | Villager (Male) |
| 5:48 | Crear | Villager (Male) |
| 6:02 | Construir | Mill |
| 6:34 | Crear | Villager (Male) |
| 6:40 | Crear | Villager (Male) |
| 6:41 | Crear | Villager (Male) |
| 6:41 | Investigar | Loom |
| 7:09 | Crear | Villager (Male) |
| 7:17 | Construir | House |
| 8:24 | Investigar | Feudal Age |
| 8:38 | Crear | Villager (Male) |
| 8:39 | Crear | Villager (Male) |
| 9:09 | Construir | Farm |
| 9:10 | Construir | Farm |
| 9:10 | Construir | Farm |
| 9:11 | Construir | Farm |
| 9:47 | Construir | House |
| 9:49 | Construir | House |
| 9:53 | Construir | Mining Camp |
| 10:40 | Edad | Edad Feudal |
| 11:05 | Construir | Mill |
| 11:21 | Crear | Villager (Male) |
| 11:21 | Crear | Villager (Male) |
| 11:35 | Construir | Farm |
| 11:52 | Crear | Villager (Male) |
| 12:12 | Crear | Villager (Male) |
| 12:25 | Construir | Farm |
| 12:31 | Investigar | Double-Bit Axe |
| 12:44 | Crear | Villager (Male) |
| 12:45 | Crear | Villager (Male) |
| 12:46 | Crear | Villager (Male) |
| 12:47 | Crear | Villager (Male) |
| 13:13 | Construir | Lumber Camp |
| 13:42 | Construir | Farm |
| 14:11 | Crear | Villager (Male) |
| 14:26 | Construir | Market |
| 15:04 | Construir | House |
| 15:15 | Crear | Villager (Male) |
| 15:15 | Crear | Villager (Male) |
| 15:27 | Construir | Blacksmith |
| 15:43 | Construir | Mining Camp |
| 16:00 | Investigar | Castle Age |
| 16:21 | Investigar | Stone Mining |
| 16:42 | Investigar | Forging |
| 16:48 | Construir | Barracks |
| 16:59 | Construir | Barracks |
| 17:15 | Investigar | Scale Barding Armor |
| 17:44 | Construir | Stable |
| 17:52 | Crear | Spearman |
| 17:52 | Crear | Spearman |
| 17:59 | Crear | Villager (Male) |
| 18:01 | Crear | Villager (Male) |
| 18:45 | Edad | Edad de los Castillos |
| 18:51 | Investigar | Husbandry |
| 19:07 | Construir | House |
| 19:21 | Investigar | Iron Casting |
| 19:24 | Crear | Villager (Male) |
| 19:24 | Crear | Villager (Male) |
| 19:33 | Construir | Town Center |
| 20:02 | Construir | Castle |
| 20:05 | Crear | Spearman |
| 20:44 | Investigar | Pikeman (upgrade) |
| 21:07 | Construir | Mining Camp |
| 21:40 | Investigar | Squires |
| 21:46 | Crear | Villager (Male) |
| 22:43 | Crear | Villager (Male) |
| 22:43 | Crear | Villager (Male) |
| 24:09 | Crear | Villager (Male) |
| 24:09 | Crear | Villager (Male) |
| 24:14 | Crear | Villager (Male) |
| 24:55 | Crear | Knight |
| 24:59 | Crear | Spearman ×2 |
| 25:09 | Construir | Castle |
| 25:20 | Crear | Spearman |
| 25:46 | Construir | Farm |
| 25:46 | Construir | Farm |
| 25:47 | Construir | Farm |
| 26:30 | Crear | Spearman |
| 26:30 | Crear | Spearman |
| 26:34 | Crear | Throwing Axeman |
| 26:35 | Crear | Throwing Axeman |
| 26:41 | Construir | Farm |
| 26:41 | Construir | Farm |
| 26:42 | Construir | Farm |
| 27:54 | Crear | Spearman ×5 |
| 27:59 | Construir | Farm |
| 28:10 | Crear | Villager (Male) |
| 28:10 | Crear | Villager (Male) |
| 28:56 | Crear | Villager (Male) |
| 28:56 | Crear | Villager (Male) |
| 28:57 | Crear | Villager (Male) |
| 28:57 | Crear | Villager (Male) |
| 29:38 | Crear | Villager (Male) |
| 29:39 | Crear | Villager (Male) |
| 30:18 | Construir | Barracks |
| 30:19 | Construir | Barracks |
| 30:20 | Construir | Barracks |
| 30:39 | Crear | Villager (Male) |
| 30:39 | Crear | Villager (Male) |
| 30:40 | Crear | Villager (Male) |
| 31:02 | Crear | Spearman ×5 |
| 31:29 | Crear | Villager (Male) |
| 31:30 | Crear | Villager (Male) |
| 31:30 | Crear | Villager (Male) |
| 31:31 | Crear | Villager (Male) |
| 31:42 | Crear | Spearman |
| 32:01 | Construir | Palisade Wall |
| 33:06 | Construir | Castle |
| 33:27 | Crear | Spearman ×5 |
| 33:27 | Crear | Spearman ×5 |
| 34:07 | Crear | Villager (Male) |
| 34:08 | Crear | Villager (Male) |
| 36:06 | Crear | Villager (Male) |
| 36:06 | Crear | Villager (Male) |
| 36:21 | Crear | Knight |
| 37:35 | Construir | Castle |
| 37:48 | Crear | Spearman ×5 |
| 37:48 | Crear | Spearman ×5 |
| 37:49 | Crear | Spearman ×5 |
| 37:49 | Crear | Spearman |
| 38:49 | Construir | Castle |
| 39:01 | Construir | Town Center |
| 40:07 | Crear | Villager (Male) |
| 40:07 | Crear | Villager (Male) |
| 40:20 | Construir | Farm |
| 40:20 | Construir | Farm |
| 40:21 | Construir | Farm |
| 40:21 | Construir | Farm |
| 40:21 | Construir | Farm |
| 40:22 | Construir | Farm |
| 40:26 | Investigar | Bow Saw |
| 40:34 | Crear | Villager (Male) |
| 40:34 | Crear | Villager (Male) |
Build order — kevdannenberg
Primeras 150 de 331 acciones detectadas
| 0:02 | Crear | Villager (Male) |
| 0:02 | Crear | Villager (Male) |
| 0:02 | Crear | Villager (Male) |
| 0:02 | Crear | Villager (Male) |
| 0:05 | Construir | House |
| 0:08 | Construir | House |
| 1:45 | Crear | Villager (Male) |
| 2:29 | Crear | Villager (Male) |
| 2:56 | Crear | Villager (Male) |
| 2:56 | Crear | Villager (Male) |
| 4:29 | Crear | Villager (Male) |
| 4:30 | Crear | Villager (Male) |
| 4:30 | Crear | Villager (Male) |
| 4:30 | Crear | Villager (Male) |
| 4:55 | Construir | Lumber Camp |
| 5:28 | Construir | Mill |
| 6:01 | Crear | Villager (Male) |
| 6:01 | Crear | Villager (Male) |
| 6:02 | Crear | Villager (Male) |
| 6:02 | Crear | Villager (Male) |
| 6:02 | Crear | Villager (Male) |
| 6:02 | Crear | Villager (Male) |
| 6:24 | Construir | Barracks |
| 6:35 | Construir | House |
| 6:39 | Construir | House |
| 7:38 | Crear | Militia |
| 7:38 | Crear | Militia |
| 7:38 | Crear | Militia |
| 7:39 | Crear | Militia |
| 7:39 | Crear | Militia |
| 8:10 | Construir | Mining Camp |
| 9:21 | Construir | Farm |
| 9:22 | Construir | Farm |
| 9:22 | Construir | Farm |
| 9:25 | Construir | Farm |
| 9:26 | Construir | Farm |
| 9:26 | Construir | Farm |
| 10:21 | Investigar | Feudal Age |
| 11:02 | Construir | Farm |
| 11:05 | Construir | Farm |
| 11:09 | Construir | Farm |
| 11:13 | Crear | Villager (Male) |
| 11:13 | Crear | Villager (Male) |
| 11:13 | Crear | Villager (Male) |
| 11:14 | Crear | Villager (Male) |
| 11:14 | Crear | Villager (Male) |
| 12:19 | Crear | Militia |
| 12:19 | Crear | Militia |
| 12:19 | Crear | Militia |
| 12:19 | Crear | Militia |
| 12:31 | Edad | Edad Feudal |
| 12:37 | Construir | Farm |
| 12:39 | Construir | Farm |
| 12:55 | Investigar | Man-at-Arms (upgrade) |
| 13:03 | Construir | Farm |
| 13:28 | Construir | House |
| 14:11 | Crear | Militia |
| 14:11 | Crear | Militia |
| 14:11 | Crear | Militia |
| 14:11 | Crear | Militia |
| 14:20 | Construir | House |
| 14:21 | Construir | House |
| 14:30 | Construir | Farm |
| 15:04 | Investigar | Loom |
| 15:15 | Construir | Blacksmith |
| 15:21 | Crear | Militia |
| 15:21 | Crear | Militia |
| 15:21 | Crear | Militia |
| 15:45 | Crear | Militia |
| 15:45 | Crear | Militia |
| 15:46 | Crear | Militia |
| 16:02 | Investigar | Wheelbarrow |
| 16:45 | Investigar | Forging |
| 16:47 | Investigar | Scale Mail Armor |
| 17:41 | Crear | Villager (Male) |
| 17:41 | Crear | Villager (Male) |
| 17:42 | Crear | Villager (Male) |
| 17:42 | Crear | Villager (Male) |
| 17:42 | Crear | Villager (Male) |
| 17:42 | Crear | Villager (Male) |
| 17:43 | Crear | Villager (Male) |
| 17:49 | Construir | House |
| 17:51 | Construir | House |
| 17:52 | Construir | House |
| 17:52 | Construir | House |
| 17:54 | Construir | House |
| 18:34 | Construir | Farm |
| 18:42 | Investigar | Double-Bit Axe |
| 19:10 | Construir | Farm |
| 19:44 | Construir | Market |
| 20:06 | Construir | Farm |
| 20:32 | Construir | Farm |
| 22:22 | Construir | Farm |
| 22:37 | Investigar | Castle Age |
| 22:41 | Construir | Farm |
| 23:02 | Construir | Stone Wall |
| 23:21 | Construir | Farm |
| 23:26 | Construir | Farm |
| 24:58 | Construir | Lumber Camp |
| 25:07 | Investigar | Fletching |
| 25:17 | Edad | Edad de los Castillos |
| 25:29 | Construir | Stone Wall |
| 25:36 | Investigar | Long Swordsman (upgrade) |
| 25:36 | Investigar | Squires |
| 25:48 | Crear | Villager (Male) |
| 25:48 | Crear | Villager (Male) |
| 25:48 | Crear | Villager (Male) |
| 25:48 | Crear | Villager (Male) |
| 25:49 | Crear | Villager (Male) |
| 26:04 | Investigar | Iron Casting |
| 26:09 | Crear | Trade Cart |
| 26:09 | Crear | Trade Cart |
| 26:42 | Construir | Monastery |
| 26:52 | Construir | Lumber Camp |
| 27:16 | Construir | Farm |
| 27:21 | Crear | Villager (Male) |
| 27:21 | Crear | Villager (Male) |
| 27:21 | Crear | Villager (Male) |
| 27:21 | Crear | Villager (Male) |
| 28:05 | Crear | Villager (Male) |
| 28:05 | Crear | Villager (Male) |
| 28:05 | Crear | Villager (Male) |
| 28:28 | Construir | Town Center |
| 28:44 | Crear | Monk |
| 28:44 | Crear | Monk |
| 29:27 | Investigar | Hand Cart |
| 29:28 | Crear | Villager (Male) |
| 29:29 | Crear | Villager (Male) |
| 29:29 | Crear | Villager (Male) |
| 29:40 | Investigar | Horse Collar |
| 29:51 | Crear | Militia |
| 29:51 | Crear | Militia |
| 30:48 | Crear | Monk |
| 31:27 | Crear | Villager (Male) |
| 31:28 | Crear | Villager (Male) |
| 31:28 | Crear | Villager (Male) |
| 31:28 | Crear | Villager (Male) |
| 31:28 | Crear | Villager (Male) |
| 31:29 | Crear | Villager (Male) |
| 31:29 | Crear | Villager (Male) |
| 31:29 | Crear | Villager (Male) |
| 31:44 | Investigar | Gambesons |
| 31:45 | Crear | Militia |
| 32:04 | Crear | Villager (Male) |
| 32:49 | Construir | Siege Workshop |
| 33:02 | Investigar | Chain Mail Armor |
| 33:12 | Crear | Militia |
| 33:34 | Construir | Mining Camp |
| 33:37 | Crear | Battering Ram |
| 33:55 | Crear | Villager (Male) |
Build order — TotalNoobPL
Primeras 150 de 317 acciones detectadas
| 0:08 | Construir | House |
| 0:12 | Construir | House |
| 0:14 | Crear | Villager (Male) |
| 0:14 | Crear | Villager (Male) |
| 0:14 | Crear | Villager (Male) |
| 1:07 | Crear | Villager (Male) |
| 1:07 | Crear | Villager (Male) |
| 2:17 | Crear | Villager (Male) |
| 2:18 | Crear | Villager (Male) |
| 2:18 | Crear | Villager (Male) |
| 2:58 | Crear | Villager (Male) |
| 3:16 | Construir | Mill |
| 3:25 | Crear | Villager (Male) |
| 3:54 | Crear | Villager (Male) |
| 3:54 | Crear | Villager (Male) |
| 4:21 | Crear | Villager (Male) |
| 4:23 | Investigar | Loom |
| 4:28 | Construir | House |
| 4:30 | Construir | House |
| 4:52 | Construir | Lumber Camp |
| 5:13 | Crear | Villager (Male) |
| 5:13 | Crear | Villager (Male) |
| 5:13 | Crear | Villager (Male) |
| 5:37 | Construir | Palisade Wall |
| 5:50 | Construir | Building 804 |
| 6:01 | Construir | Palisade Wall |
| 6:07 | Crear | Villager (Male) |
| 6:07 | Crear | Villager (Male) |
| 6:08 | Crear | Villager (Male) |
| 6:20 | Construir | Mining Camp |
| 6:42 | Crear | Villager (Male) |
| 6:42 | Crear | Villager (Male) |
| 7:17 | Crear | Villager (Male) |
| 7:18 | Crear | Villager (Male) |
| 7:26 | Construir | House |
| 7:40 | Construir | Palisade Wall |
| 7:46 | Construir | Building 796 |
| 7:49 | Crear | Villager (Male) |
| 8:34 | Construir | Mining Camp |
| 8:48 | Crear | Villager (Male) |
| 8:55 | Construir | Palisade Gate |
| 9:23 | Crear | Villager (Male) |
| 9:37 | Construir | Palisade Wall |
| 9:49 | Construir | Palisade Gate |
| 9:55 | Construir | Palisade Wall |
| 10:22 | Investigar | Feudal Age |
| 11:15 | Construir | Building 796 |
| 11:31 | Construir | Palisade Wall |
| 11:44 | Construir | Mill |
| 11:57 | Crear | Villager (Male) |
| 11:57 | Crear | Villager (Male) |
| 11:58 | Crear | Villager (Male) |
| 11:58 | Crear | Villager (Male) |
| 12:32 | Edad | Edad Feudal |
| 12:42 | Construir | Building 673 |
| 12:53 | Construir | Stone Wall |
| 12:58 | Construir | Building 490 |
| 13:09 | Construir | Stone Wall |
| 13:22 | Investigar | Horse Collar |
| 13:27 | Investigar | Double-Bit Axe |
| 13:32 | Investigar | Gold Mining |
| 13:42 | Construir | House |
| 13:51 | Construir | Building 490 |
| 14:01 | Construir | Stone Wall |
| 14:02 | Construir | Stone Wall |
| 14:28 | Crear | Villager (Male) |
| 14:29 | Crear | Villager (Male) |
| 15:07 | Investigar | Stone Mining |
| 15:16 | Construir | Lumber Camp |
| 15:31 | Crear | Villager (Male) |
| 15:31 | Crear | Villager (Male) |
| 15:31 | Crear | Villager (Male) |
| 15:32 | Crear | Villager (Male) |
| 15:49 | Construir | Building 490 |
| 15:57 | Construir | Stone Wall |
| 16:02 | Construir | Stone Wall |
| 16:04 | Construir | Stone Wall |
| 16:11 | Construir | Building 487 |
| 16:16 | Construir | Farm |
| 16:17 | Construir | Farm |
| 16:19 | Construir | Farm |
| 16:20 | Construir | Farm |
| 16:44 | Construir | Farm |
| 16:53 | Construir | Farm |
| 17:07 | Construir | Building 487 |
| 17:19 | Construir | Market |
| 17:32 | Construir | Stone Wall |
| 17:34 | Construir | Stone Wall |
| 17:51 | Construir | Stone Wall |
| 17:53 | Construir | Stone Wall |
| 17:54 | Construir | Stone Wall |
| 17:56 | Construir | Stone Wall |
| 17:59 | Construir | Stone Wall |
| 18:08 | Crear | Villager (Male) |
| 18:09 | Crear | Villager (Male) |
| 18:09 | Crear | Villager (Male) |
| 18:18 | Construir | House |
| 18:23 | Construir | House |
| 18:31 | Construir | Stone Wall |
| 18:32 | Construir | Stone Wall |
| 18:33 | Construir | Stone Wall |
| 18:34 | Construir | Stone Wall |
| 18:35 | Construir | Stone Wall |
| 18:35 | Construir | Stone Wall |
| 18:37 | Construir | Stone Wall |
| 18:38 | Construir | Stone Wall |
| 18:39 | Construir | Stone Wall |
| 18:41 | Construir | Stone Wall |
| 19:01 | Construir | Farm |
| 19:08 | Construir | Farm |
| 19:08 | Construir | Farm |
| 19:10 | Construir | Farm |
| 19:11 | Construir | Farm |
| 19:13 | Construir | Farm |
| 19:15 | Construir | Farm |
| 19:20 | Crear | Villager (Male) |
| 19:20 | Crear | Villager (Male) |
| 19:21 | Crear | Villager (Male) |
| 19:50 | Construir | Stone Wall |
| 19:51 | Construir | Stone Wall |
| 20:14 | Construir | Market |
| 20:17 | Construir | Mining Camp |
| 20:38 | Investigar | Town Watch |
| 20:50 | Construir | Mining Camp |
| 21:13 | Construir | Blacksmith |
| 21:27 | Investigar | Castle Age |
| 21:46 | Construir | Building 673 |
| 22:00 | Construir | Stone Wall |
| 22:07 | Investigar | Padded Archer Armor |
| 22:36 | Construir | Watch Tower |
| 22:45 | Construir | Watch Tower |
| 23:21 | Construir | Barracks |
| 23:52 | Investigar | Fletching |
| 24:04 | Construir | Barracks |
| 24:07 | Edad | Edad de los Castillos |
| 24:09 | Investigar | Bow Saw |
| 24:15 | Crear | Villager (Male) |
| 24:15 | Crear | Villager (Male) |
| 24:16 | Crear | Villager (Male) |
| 24:44 | Investigar | Heavy Plow |
| 24:54 | Crear | Villager (Male) |
| 24:54 | Crear | Villager (Male) |
| 24:54 | Crear | Villager (Male) |
| 25:23 | Construir | Castle |
| 26:10 | Investigar | Stone Shaft Mining |
| 26:15 | Construir | House |
| 26:18 | Construir | House |
| 26:19 | Construir | House |
| 26:50 | Construir | Town Center |
| 27:02 | Investigar | Wheelbarrow |
Build order — MoltoBenny
Primeras 150 de 540 acciones detectadas
| 0:02 | Crear | Villager (Male) |
| 0:03 | Crear | Villager (Male) |
| 0:03 | Crear | Villager (Male) |
| 0:03 | Crear | Villager (Male) |
| 0:07 | Construir | House |
| 0:08 | Construir | House |
| 0:11 | Construir | House |
| 0:41 | Construir | Mill |
| 1:43 | Crear | Villager (Male) |
| 2:26 | Crear | Villager (Male) |
| 3:05 | Crear | Villager (Male) |
| 3:26 | Construir | Lumber Camp |
| 3:29 | Crear | Villager (Male) |
| 3:44 | Investigar | Loom |
| 4:29 | Crear | Villager (Male) |
| 4:29 | Crear | Villager (Male) |
| 4:29 | Crear | Villager (Male) |
| 4:31 | Crear | Villager (Male) |
| 4:32 | Crear | Villager (Male) |
| 4:33 | Crear | Villager (Male) |
| 5:33 | Crear | Villager (Male) |
| 6:08 | Crear | Villager (Male) |
| 6:09 | Crear | Villager (Male) |
| 6:09 | Crear | Villager (Male) |
| 6:41 | Construir | House |
| 6:46 | Construir | House |
| 7:03 | Crear | Villager (Male) |
| 7:03 | Crear | Villager (Male) |
| 7:47 | Construir | Mill |
| 8:27 | Crear | Villager (Male) |
| 9:34 | Investigar | Feudal Age |
| 9:52 | Construir | Barracks |
| 10:10 | Construir | Mining Camp |
| 10:17 | Crear | Villager (Male) |
| 10:19 | Crear | Villager (Male) |
| 11:34 | Crear | Villager (Male) |
| 11:44 | Edad | Edad Feudal |
| 11:52 | Investigar | Gold Mining |
| 11:55 | Investigar | Double-Bit Axe |
| 12:00 | Construir | Archery Range |
| 12:02 | Construir | Archery Range |
| 12:45 | Investigar | Wheelbarrow |
| 13:07 | Crear | Archer |
| 13:09 | Crear | Archer |
| 13:10 | Crear | Archer |
| 13:35 | Construir | Blacksmith |
| 13:42 | Crear | Archer |
| 13:42 | Crear | Archer |
| 14:01 | Crear | Villager (Male) |
| 14:01 | Crear | Villager (Male) |
| 14:02 | Crear | Villager (Male) |
| 14:02 | Crear | Villager (Male) |
| 14:02 | Crear | Villager (Male) |
| 14:26 | Crear | Spearman |
| 14:32 | Construir | House |
| 14:33 | Construir | House |
| 14:58 | Construir | Lumber Camp |
| 15:21 | Construir | Farm |
| 15:26 | Construir | Farm |
| 15:32 | Crear | Archer |
| 15:33 | Crear | Archer |
| 15:38 | Construir | Farm |
| 15:42 | Investigar | Horse Collar |
| 15:51 | Construir | Farm |
| 16:14 | Construir | Farm |
| 16:18 | Investigar | Padded Archer Armor |
| 16:24 | Crear | Archer |
| 16:41 | Crear | Archer |
| 16:47 | Construir | House |
| 16:48 | Construir | House |
| 16:49 | Construir | House |
| 16:59 | Construir | House |
| 17:02 | Investigar | Fletching |
| 17:12 | Construir | Archery Range |
| 18:18 | Crear | Villager (Male) |
| 18:20 | Crear | Villager (Male) |
| 18:22 | Crear | Villager (Male) |
| 18:31 | Crear | Archer |
| 18:31 | Crear | Archer |
| 18:31 | Crear | Archer |
| 18:32 | Crear | Archer |
| 18:56 | Construir | Farm |
| 18:57 | Construir | Farm |
| 18:58 | Construir | Farm |
| 18:58 | Construir | Farm |
| 18:59 | Construir | Farm |
| 19:00 | Construir | Farm |
| 19:06 | Construir | Farm |
| 19:06 | Construir | Farm |
| 19:06 | Construir | Farm |
| 19:06 | Construir | Farm |
| 19:14 | Construir | Farm |
| 19:14 | Construir | Farm |
| 19:15 | Construir | Farm |
| 19:15 | Construir | Farm |
| 19:54 | Crear | Villager (Male) |
| 19:55 | Crear | Villager (Male) |
| 19:55 | Crear | Villager (Male) |
| 19:56 | Investigar | Town Watch |
| 20:00 | Crear | Villager (Male) |
| 20:03 | Construir | Farm |
| 20:06 | Construir | Farm |
| 20:13 | Construir | Farm |
| 20:16 | Construir | Farm |
| 20:47 | Construir | Farm |
| 21:37 | Construir | Market |
| 21:40 | Investigar | Castle Age |
| 21:52 | Crear | Spearman |
| 21:53 | Crear | Spearman |
| 21:57 | Crear | Villager (Male) |
| 24:04 | Crear | Villager (Male) |
| 24:06 | Crear | Villager (Male) |
| 24:07 | Crear | Villager (Male) |
| 24:16 | Investigar | Scale Mail Armor |
| 24:17 | Investigar | Forging |
| 24:20 | Edad | Edad de los Castillos |
| 24:22 | Investigar | Leather Archer Armor |
| 24:22 | Investigar | Bodkin Arrow |
| 24:25 | Investigar | Thumb Ring |
| 24:30 | Investigar | Crossbowman (upgrade) |
| 24:32 | Investigar | Thumb Ring |
| 24:37 | Investigar | Thumb Ring |
| 24:49 | Crear | Villager (Male) |
| 25:01 | Construir | Town Center |
| 25:10 | Investigar | Heavy Plow |
| 25:19 | Construir | Town Center |
| 25:46 | Investigar | Bow Saw |
| 26:05 | Investigar | Squires |
| 26:06 | Crear | Spearman |
| 26:06 | Crear | Spearman |
| 26:07 | Crear | Spearman |
| 26:28 | Crear | Villager (Male) |
| 26:29 | Crear | Villager (Male) |
| 26:33 | Crear | Villager (Male) |
| 26:34 | Crear | Villager (Male) |
| 26:40 | Crear | Villager (Male) |
| 26:40 | Crear | Villager (Male) |
| 26:41 | Crear | Villager (Male) |
| 26:52 | Construir | Farm |
| 27:16 | Crear | Villager (Male) |
| 27:16 | Crear | Villager (Male) |
| 27:17 | Crear | Villager (Male) |
| 27:17 | Crear | Villager (Male) |
| 27:30 | Investigar | Hand Cart |
| 27:30 | Crear | Villager (Male) |
| 27:31 | Crear | Villager (Male) |
| 27:31 | Crear | Villager (Male) |
| 28:04 | Construir | University |
| 28:08 | Crear | Villager (Male) |
| 28:09 | Crear | Villager (Male) |
Build order — Mineirinha
Primeras 150 de 203 acciones detectadas
| 0:03 | Construir | House |
| 0:06 | Crear | Villager (Male) |
| 0:06 | Crear | Villager (Male) |
| 0:06 | Crear | Villager (Male) |
| 0:06 | Crear | Villager (Male) |
| 0:29 | Construir | House |
| 1:04 | Construir | Lumber Camp |
| 1:16 | Construir | Lumber Camp |
| 1:36 | Crear | Villager (Male) |
| 1:36 | Crear | Villager (Male) |
| 1:59 | Crear | Villager (Male) |
| 1:59 | Crear | Villager (Male) |
| 2:46 | Crear | Villager (Male) |
| 2:47 | Crear | Villager (Male) |
| 2:47 | Crear | Villager (Male) |
| 3:17 | Crear | Villager (Male) |
| 3:57 | Crear | Villager (Male) |
| 4:29 | Construir | Mill |
| 5:08 | Crear | Villager (Male) |
| 5:08 | Crear | Villager (Male) |
| 5:30 | Crear | Villager (Male) |
| 5:39 | Crear | Villager (Male) |
| 5:55 | Construir | House |
| 5:56 | Construir | House |
| 6:06 | Investigar | Loom |
| 6:34 | Crear | Villager (Male) |
| 6:34 | Crear | Villager (Male) |
| 6:34 | Crear | Villager (Male) |
| 7:04 | Construir | Mill |
| 7:14 | Crear | Villager (Male) |
| 7:58 | Crear | Villager (Male) |
| 8:29 | Investigar | Feudal Age |
| 8:43 | Construir | Mining Camp |
| 10:49 | Edad | Edad Feudal |
| 10:51 | Crear | Villager (Male) |
| 10:51 | Crear | Villager (Male) |
| 10:59 | Construir | Blacksmith |
| 11:01 | Construir | Market |
| 11:51 | Construir | Lumber Camp |
| 11:52 | Crear | Villager (Male) |
| 11:53 | Crear | Villager (Male) |
| 12:13 | Construir | Farm |
| 12:40 | Construir | Farm |
| 12:50 | Crear | Villager (Male) |
| 13:03 | Construir | Farm |
| 13:10 | Crear | Villager (Male) |
| 13:13 | Investigar | Castle Age |
| 13:28 | Investigar | Double-Bit Axe |
| 14:21 | Construir | Barracks |
| 15:08 | Construir | Farm |
| 15:47 | Construir | Stable |
| 15:55 | Edad | Edad de los Castillos |
| 16:05 | Crear | Villager (Male) |
| 16:12 | Construir | House |
| 16:13 | Construir | House |
| 16:31 | Investigar | Husbandry |
| 16:31 | Investigar | Husbandry |
| 16:34 | Investigar | Cavalier (upgrade) |
| 16:34 | Investigar | Cavalier (upgrade) |
| 16:40 | Construir | Stable |
| 17:06 | Investigar | Gold Mining |
| 17:11 | Construir | Farm |
| 17:11 | Construir | Farm |
| 17:16 | Crear | Villager (Male) |
| 17:19 | Construir | Farm |
| 17:19 | Construir | Farm |
| 17:20 | Construir | Farm |
| 17:34 | Construir | Farm |
| 17:37 | Construir | Farm |
| 17:40 | Crear | Villager (Male) |
| 18:01 | Construir | Farm |
| 18:05 | Crear | Knight ×3 |
| 18:05 | Crear | Knight ×3 |
| 18:08 | Crear | Villager (Male) |
| 18:14 | Construir | Farm |
| 18:30 | Crear | Villager (Male) |
| 18:39 | Construir | Farm |
| 18:54 | Crear | Knight |
| 18:54 | Crear | Knight |
| 19:09 | Crear | Villager (Male) |
| 19:35 | Construir | Farm |
| 19:35 | Construir | Farm |
| 19:37 | Crear | Villager (Male) |
| 19:44 | Construir | House |
| 20:02 | Crear | Knight ×2 |
| 20:02 | Crear | Knight ×2 |
| 20:23 | Construir | Farm |
| 20:24 | Construir | Farm |
| 20:26 | Crear | Villager (Male) |
| 21:09 | Construir | Town Center |
| 21:11 | Crear | Villager (Male) |
| 21:12 | Crear | Villager (Male) |
| 21:12 | Crear | Villager (Male) |
| 21:12 | Crear | Villager (Male) |
| 22:30 | Investigar | Forging |
| 22:30 | Investigar | Forging |
| 22:31 | Investigar | Scale Barding Armor |
| 22:31 | Investigar | Scale Barding Armor |
| 22:46 | Construir | House |
| 22:47 | Construir | House |
| 22:49 | Construir | House |
| 23:04 | Crear | Villager (Male) |
| 23:04 | Crear | Villager (Male) |
| 23:04 | Crear | Villager (Male) |
| 23:18 | Crear | Knight ×2 |
| 23:18 | Crear | Knight ×2 |
| 23:19 | Crear | Knight ×2 |
| 23:30 | Crear | Spearman |
| 23:30 | Crear | Spearman |
| 24:21 | Crear | Knight ×4 |
| 24:21 | Crear | Knight ×4 |
| 24:31 | Construir | Monastery |
| 24:35 | Crear | Spearman |
| 24:35 | Crear | Spearman |
| 24:56 | Construir | Stone Wall |
| 24:59 | Crear | Villager (Male) |
| 25:32 | Crear | Knight |
| 25:32 | Crear | Knight |
| 26:24 | Crear | Villager (Male) |
| 26:25 | Crear | Villager (Male) |
| 26:25 | Crear | Villager (Male) |
| 26:25 | Crear | Villager (Male) |
| 26:25 | Crear | Villager (Male) |
| 26:29 | Crear | Villager (Male) |
| 26:30 | Crear | Villager (Male) |
| 26:30 | Crear | Villager (Male) |
| 26:49 | Construir | House |
| 26:50 | Construir | House |
| 27:21 | Crear | Villager (Male) |
| 27:21 | Crear | Villager (Male) |
| 27:44 | Crear | Villager (Male) |
| 27:45 | Crear | Villager (Male) |
| 28:00 | Construir | House |
| 28:03 | Construir | Stone Wall |
| 28:06 | Construir | Building 487 |
| 28:22 | Investigar | Wheelbarrow |
| 28:23 | Crear | Villager (Male) |
| 28:23 | Crear | Villager (Male) |
| 28:24 | Crear | Villager (Male) |
| 28:24 | Crear | Villager (Male) |
| 28:26 | Construir | Farm |
| 28:27 | Construir | Farm |
| 28:27 | Construir | Farm |
| 28:27 | Construir | Farm |
| 28:27 | Construir | Farm |
| 28:28 | Construir | Farm |
| 29:01 | Crear | Knight ×3 |
| 29:01 | Crear | Knight ×3 |
| 29:14 | Crear | Knight |
| 29:14 | Crear | Knight |
Cronología de la partida
| 5:37 | TotalNoobPL · wall_segment Palisade Wall x1 |
| 6:01 | TotalNoobPL · wall_segment Palisade Wall x15 |
| 6:24 | kevdannenberg · first_building Barracks |
| 7:40 | TotalNoobPL · wall_segment Palisade Wall x8 |
| 9:37 | TotalNoobPL · wall_segment Palisade Wall x12 |
| 9:52 | MoltoBenny · first_building Barracks |
| 9:55 | TotalNoobPL · wall_segment Palisade Wall x6 |
| 10:14 | KingYankee1 · age_up feudal |
| 10:40 | elf · age_up feudal |
| 10:49 | Mineirinha · age_up feudal |
| 11:31 | TotalNoobPL · wall_segment Palisade Wall x13 |
| 11:44 | MoltoBenny · age_up feudal |
| 12:00 | MoltoBenny · first_building Archery Range |
| 12:31 | kevdannenberg · age_up feudal |
| 12:32 | TotalNoobPL · age_up feudal |
| 12:53 | TotalNoobPL · wall_segment Stone Wall x1 |
| 13:09 | TotalNoobPL · wall_segment Stone Wall x12 |
| 14:01 | TotalNoobPL · wall_segment Stone Wall x3 |
| 14:02 | TotalNoobPL · wall_segment Stone Wall x1 |
| 14:21 | Mineirinha · first_building Barracks |
| 15:33 | KingYankee1 · first_market_buy 100 food |
| 15:47 | Mineirinha · first_building Stable |
| 15:55 | Mineirinha · age_up castle |
| 15:57 | TotalNoobPL · wall_segment Stone Wall x7 |
| 16:02 | TotalNoobPL · wall_segment Stone Wall x6 |
| 16:04 | TotalNoobPL · wall_segment Stone Wall x6 |
| 16:48 | elf · first_building Barracks |
| 17:32 | TotalNoobPL · wall_segment Stone Wall x9 |
| 17:34 | TotalNoobPL · wall_segment Stone Wall x5 |
| 17:44 | elf · first_building Stable |
| 17:51 | TotalNoobPL · wall_segment Stone Wall x4 |
| 17:53 | TotalNoobPL · wall_segment Stone Wall x4 |
| 17:54 | TotalNoobPL · wall_segment Stone Wall x1 |
| 17:56 | TotalNoobPL · wall_segment Stone Wall x5 |
| 17:59 | TotalNoobPL · wall_segment Stone Wall x4 |
| 18:31 | TotalNoobPL · wall_segment Stone Wall x1 |
| 18:32 | TotalNoobPL · wall_segment Stone Wall x1 |
| 18:33 | TotalNoobPL · wall_segment Stone Wall x1 |
| 18:34 | TotalNoobPL · wall_segment Stone Wall x1 |
| 18:35 | TotalNoobPL · wall_segment Stone Wall x1 |
| 18:35 | TotalNoobPL · wall_segment Stone Wall x1 |
| 18:37 | TotalNoobPL · wall_segment Stone Wall x1 |
| 18:38 | TotalNoobPL · wall_segment Stone Wall x1 |
| 18:39 | TotalNoobPL · wall_segment Stone Wall x1 |
| 18:41 | TotalNoobPL · wall_segment Stone Wall x1 |
| 18:45 | elf · age_up castle |
| 19:50 | TotalNoobPL · wall_segment Stone Wall x10 |
| 19:51 | TotalNoobPL · wall_segment Stone Wall x8 |
| 20:02 | elf · first_building Castle |
| 20:33 | TotalNoobPL · first_market_buy 100 food |
| 21:32 | KingYankee1 · first_market_sell 100 wood |
| 22:00 | TotalNoobPL · wall_segment Stone Wall x5 |
| 23:02 | kevdannenberg · wall_segment Stone Wall x12 |
| 23:21 | TotalNoobPL · first_building Barracks |
| 24:07 | TotalNoobPL · age_up castle |
| 24:20 | MoltoBenny · age_up castle |
| 24:21 | KingYankee1 · age_up castle |
| 24:31 | Mineirinha · first_building Monastery |
| 24:56 | Mineirinha · wall_segment Stone Wall x7 |
| 25:17 | kevdannenberg · age_up castle |
| 25:23 | TotalNoobPL · first_building Castle |
| 25:29 | kevdannenberg · wall_segment Stone Wall x4 |
| 25:44 | MoltoBenny · first_market_buy 100 wood |
| 26:42 | kevdannenberg · first_building Monastery |
| 27:58 | KingYankee1 · first_building Castle |
| 28:03 | Mineirinha · wall_segment Stone Wall x6 |
| 30:25 | MoltoBenny · first_building Stable |
| 30:32 | Mineirinha · wall_segment Stone Wall x1 |
| 31:01 | TotalNoobPL · first_building Monastery |
| 31:27 | elf · first_market_buy 100 food |
| 32:01 | elf · wall_segment Palisade Wall x18 |
| 32:01 | Mineirinha · first_building Castle |
| 32:37 | MoltoBenny · first_building Monastery |
| 32:49 | kevdannenberg · first_building Siege Workshop |
| 32:51 | Mineirinha · wall_segment Stone Wall x8 |
| 33:10 | MoltoBenny · first_market_sell 100 food |
| 33:38 | Mineirinha · first_building Siege Workshop |
| 35:04 | KingYankee1 · first_building Barracks |
| 36:14 | KingYankee1 · first_building Stable |
| 36:45 | Mineirinha · first_market_buy 100 stone |
| 36:48 | kevdannenberg · first_building Archery Range |
| 37:49 | TotalNoobPL · age_up imperial |
| 39:02 | TotalNoobPL · first_building Archery Range |
| 39:09 | Mineirinha · resign |
| 40:34 | MoltoBenny · first_building Castle |
| 40:38 | MoltoBenny · first_building Siege Workshop |
| 41:27 | MoltoBenny · age_up imperial |
| 42:41 | KingYankee1 · age_up imperial |
| 42:57 | KingYankee1 · first_building Siege Workshop |
| 43:17 | elf · first_building Siege Workshop |
| 43:22 | TotalNoobPL · first_building Siege Workshop |
| 44:29 | TotalNoobPL · wall_segment Stone Wall x9 |
| 45:25 | kevdannenberg · first_building Castle |
| 46:49 | elf · first_building Monastery |
| 47:40 | kevdannenberg · age_up imperial |
| 47:56 | TotalNoobPL · first_market_sell 100 food |
| 48:43 | TotalNoobPL · wall_segment Stone Wall x3 |
| 48:45 | TotalNoobPL · wall_segment Stone Wall x5 |
| 48:47 | TotalNoobPL · wall_segment Stone Wall x5 |
| 48:56 | elf · age_up imperial |
| 50:36 | elf · first_market_sell 500 wood |
[ ANÁLISIS IA · 1 CRÉDITO ]
¿Qué pasó realmente en esta partida?
Wolo.gg analiza cada decisión: build order, eco, micro, errores típicos por bracket. Análisis personalizado por WhatsApp o Discord en 30 segundos.
Guía civ
Mongoles
Guía mapa
MegaRandom
Perfil
KingYankee1